[Event "Leca Open 2022"]
[Site "Leca da Palmeira"]
[Date "2022.08.04"]
[Round "7.10"]
[White "Rodriguez Lopez, Rafael"]
[Black "Prieto Martin, Alfonso"]
[Result "1-0"]
[ECO "B29"]
[WhiteElo "2172"]
[BlackElo "2264"]
[Annotator "TA"]
[PlyCount "141"]
[EventDate "2022.08.02"]
[EventType "swiss"]
[EventCountry "POR"]
[SourceTitle "playchess.com"]
[Source "ChessBase"]
[SourceQuality "1"]
[TimeControl "5400+30"]

1. e4 c5 2. Nf3 Nf6 3. e5 Nd5 4. Nc3 e6 5. Nxd5 exd5 6. d4 Nc6 7. c3 d6 8. Bb5 {[%emt 0:00:40] B29: Sicilian: 2 Nf3 Nf6 (Nimzowitsch Variation).} Be7 9. exd6 Bxd6 10. Qe2+ {[%emt 0:01:28] White is slightly better.} Be6 11. dxc5 Bxc5 12. Be3 {[#]} Be7 $146 ({Predecessor:} 12... Bxe3 13. Qxe3 O-O 14. O-O Re8 15. Rfe1 h6 16. Bxc6 bxc6 17. Qc5 Qb6 18. b4 Qxc5 19. bxc5 {0-1 (75) Ivic,V (2548)-Le,T (2501) Chess.com INT 2020}) 13. Nd4 {[%emt 0:00:51] White is more active.} Bd7 14. O-O O-O 15. Bd3 g6 16. Nf3 Re8 17. Qd2 Bg4 18. Be2 Bf6 19. Rad1 Be6 20. Nd4 Rc8 21. Bb5 Bd7 22. Ne2 (22. Nb3 $5 ) 22... a6 (22... Qa5 $11 23. Qxd5 Be6) 23. Ba4 Ne5 24. Bxd7 Qxd7 25. Nf4 $1 (25. Qxd5 Qxd5 26. Rxd5 Nc4 $11) 25... Bg7 26. Qxd5 Qe7 27. Bc1 b5 28. h3 h6 29. Qd6 Qb7 30. Qd5 Qe7 31. Qb3 Rc4 32. Nd5 Qh4 33. Be3 (33. Qc2 $16) 33... Qh5 (33... Nf3+ $1 $14 34. gxf3 Qxh3) 34. Bf4 (34. f4 $142 Nd7 35. Rf3) 34... Kh7 35. Bg3 $36 {[%emt 0:00:56][%mdl 2048] White has strong initiative.} Nd7 $2 (35... Rc5 $16 {keeps fighting.}) 36. Ne3 $18 Nc5 37. Qc2 Rce4 38. Rd5 R4e5 39. Bxe5 Rxe5 40. Qd1 Qh4 41. Rxe5 Bxe5 42. Qd5 Qe7 43. Ng4 Bg7 44. Rd1 Na4 45. a3 (45. Qd7 $142 Qxd7 46. Rxd7) 45... Qe6 (45... h5) 46. Qd2 Qb3 47. Rb1 h5 48. Ne3 Qa2 49. Qc2 f5 $2 (49... Kg8 {is a better defense.} 50. Qe4 Kh7) 50. g3 Bh6 {[%emt 0:00:20] [#]} (50... Qf7 $142 51. Rd1 Nc5) 51. Nd1 $2 (51. Nxf5 $1 Bf8 {[#]} (51... Bg5 52. h4) 52. Rd1 $1) 51... f4 52. Qe4 $2 {[%emt 0:00:07] Prevents Qe6.} (52. gxf4 $18 {Strongly threatening f5.} Bxf4 53. c4) 52... fxg3 (52... Nc5 $11 53. Qc2 (53. Qe7+ Bg7 $11) 53... Qe6) 53. fxg3 $16 {[%emt 0:00:49] Nf2 is the strong threat. Black is now going downhill.} Bg7 $2 (53... Nc5 $16 54. Qc2 (54. Qe7+ Kg8 $14) 54... Qd5) 54. Rc1 $18 Nc5 55. Qf3 Qe6 56. Nf2 Qa2 57. Rc2 Nd7 58. Kg2 Ne5 59. Qe4 Qf7 60. Re2 Nc4 61. Nd3 Nd6 62. Qf3 Nf5 63. h4 Qc4 64. Nf4 Nh6 65. Qe4 Qf7 66. Nxh5 Bf8 67. Rf2 Nf5 68. Nf4 Bc5 69. Rf3 {[%emt 0:00:42][%cal Oh4h5] Threatens to win with h5!} Qb3 {[%emt 0:00:33] [#]} 70. Nxg6 $1 Qxb2+ (70... Qc4 71. Qxf5) 71. Kh3 {[%emt 0:00:08] Weighted Error Value: White=0.33/Black=0.50} 1-0

[Event "Leca Open 2022"]
[Site "Leca da Palmeira"]
[Date "2022.08.03"]
[Round "7.11"]
[White "Akhvlediani, Irakli"]
[Black "Cordeiro, Joao Carlos Santos F"]
[Result "1-0"]
[ECO "D02"]
[WhiteElo "2429"]
[BlackElo "2048"]
[Annotator "TA"]
[PlyCount "117"]
[EventDate "2022.08.02"]
[EventType "swiss"]
[EventCountry "POR"]
[SourceTitle "playchess.com"]
[Source "ChessBase"]
[SourceQuality "1"]
[TimeControl "5400+30"]

1. d4 Nf6 2. Nf3 d5 3. Bf4 e6 4. e3 c5 5. c3 Bd6 6. Bg3 O-O 7. Nbd2 Nc6 8. Bd3 b6 9. Qe2 {seems to push 9.Ne5 aside. D02: 1 d4 d5 2 Nf3 sidelines, including 2...Nf6 3 g3 and 2...Nf6 3 Bf4.} Bb7 10. Rd1 Ne7 11. e4 {Black must now prevent e5. The position is equal.} c4 12. Bb1 dxe4 13. Ng5 {[%cal Rg5e4] [#]} Nf5 $146 ({Predecessor:} 13... b5 14. Ndxe4 Nxe4 15. Nxe4 Bxe4 16. Qxe4 g6 17. Bh4 Qc7 18. Bg5 Nd5 19. h4 Rfe8 {½-½ (45) Kosic,D (2463)-Nestorovic,D (2341) Paracin 2018}) 14. Ngxe4 Nxe4 15. Nxe4 Bxe4 16. Qxe4 g6 17. Bf4 Bxf4 18. Qxf4 Qd6 19. Qf3 Rfe8 20. h4 h5 (20... Rad8 $11) 21. g4 $1 $16 hxg4 22. Qxg4 Kg7 {[#]} 23. Be4 (23. h5 $1 $16 ) 23... Rad8 $11 24. h5 {And now hxg6 would win.} Rh8 25. Rg1 Rh6 26. Qf3 Rdh8 27. hxg6 Rxg6 28. Ke2 Rh4 (28... Qh2 $5 29. Rxg6+ fxg6 $14) 29. Bxf5 exf5 30. Qxf5 Rf4 31. Rxg6+ fxg6 $14 {[%mdl 4096] Endgame KQR-KQR} 32. Qg5 Qe6+ $1 33. Kf1 Qh3+ 34. Qg2 Qxg2+ (34... Qh5 $11 35. Ke1 Rf3) 35. Kxg2 $11 {KR-KR} Kf7 36. Re1 Rf5 $2 {[#] Black cannot hold the game after this.} (36... Kf6 $16 37. Kg3 Rf5) 37. Re5 $1 $18 {aiming for Rxf5+.} Rf6 38. Kg3 Rd6 (38... Kf8 $142 39. f4 Kf7) 39. Kf4 Kf6 40. Ke4 Rd8 41. d5 Rh8 42. Re6+ Kf7 43. Kd4 Rh2 44. Re2 {Strongly threatening d6.} Rh4+ 45. Re4 Rh2 (45... g5 $142 46. Ke3 Rh3+ 47. f3 b5) 46. Rf4+ (46. d6 $142) 46... Ke8 (46... Ke7 {might work better.} 47. Kxc4 g5) 47. Kxc4 g5 48. Rf5 g4 49. d6 (49. Kb5 $142) 49... g3 50. fxg3 Rxb2 $2 (50... Kd7 51. Kb3 Kxd6) 51. Kd5 {Kc6 is the strong threat.} Rc2 52. Rf3 Kd7 53. Rf7+ Ke8 54. Rc7 Kd8 55. a4 Rd2+ 56. Kc6 Rd3 57. c4 Rd4 58. c5 Rc4 59. Kb5 {Weighted Error Value: White=0.22 (precise) /Black=0.37} 1-0

[Event "Leca Open 2022"]
[Site "Leca da Palmeira"]
[Date "2022.08.03"]
[Round "7.12"]
[White "Ladron De Guevara Galar, Francisco Javier"]
[Black "Umetsubo, Cesar Hidemitsu"]
[Result "1/2-1/2"]
[ECO "E41"]
[WhiteElo "2033"]
[BlackElo "2405"]
[Annotator "TA"]
[PlyCount "100"]
[EventDate "2022.08.02"]
[EventType "swiss"]
[EventCountry "POR"]
[SourceTitle "playchess.com"]
[Source "ChessBase"]
[SourceQuality "1"]
[TimeControl "5400+30"]

1. d4 Nf6 2. c4 e6 3. Nc3 Bb4 4. e3 c5 5. Bd3 Nc6 6. Nf3 Bxc3+ 7. bxc3 d6 8. e4 e5 9. d5 Ne7 10. h3 h6 {[%emt 0:04:00] E41: Nimzo-Indian: Rubinstein: 4...c5 5 Bd3, including Hübner Variation.} 11. Nd2 O-O 12. Nf1 Ng6 {[%emt 0:21:13] White is slightly better.} 13. g3 Bd7 14. Ne3 {[%emt 0:01:49] [#]} Qc8 $146 ({Predecessor:} 14... Ne7 15. h4 Nh7 16. Qf3 g6 17. Ng4 h5 18. Nf6+ Nxf6 19. Qxf6 Nc8 20. Bg5 Qxf6 21. Bxf6 {1-0 (61) Kortschnoj,V (2676)-Sammalvuo,T (2393) Batumi 1999}) 15. h4 Ne7 16. f4 (16. Qe2 $14) 16... exf4 $1 $15 17. gxf4 Bg4 (17... Ng6 $1 $15 18. Qf3 h5) 18. Nxg4 $14 Qxg4 19. Qxg4 Nxg4 20. Be2 Nf6 21. Bf3 Nd7 ({Better is} 21... Rfe8 $11) 22. Ke2 (22. Rb1 $14) 22... f5 $11 23. Kd3 fxe4+ 24. Bxe4 Nf6 25. Bf3 (25. Rb1 $5 ) 25... Nf5 (25... h5 $15) 26. h5 (26. Rb1 $5 ) 26... Rae8 27. Bd2 Kf7 28. Rae1 b6 29. a4 Rxe1 30. Bxe1 g6 31. Bf2 Nxh5 32. Bxh5 gxh5 33. Rxh5 {[%emt 0:00:26][%mdl 4096] Endgame KRB-KRN} Kf6 34. Ke4 Re8+ 35. Kf3 Kg6 36. Rh1 h5 37. Rg1+ Kf6 38. Rh1 Rh8 39. Re1 h4 40. Re6+ Kf7 41. Kg2 ({Reject} 41. Kg4 h3 $1 42. Bg1 (42. Kxf5 $2 h2 $19) 42... Ng7 43. Rxd6 (43. Re2 Ne8 $17) 43... h2 44. Bxh2 Rxh2 45. Rd7+ Kf6 46. Rxa7 Rg2+ 47. Kf3 Rc2 $15) 41... h3+ 42. Kh2 Rh5 43. Re1 (43. Be1 $11 {keeps the balance.}) 43... Nh6 $1 $17 {[%emt 0:02:43] Strongly threatening ...Ng4+.} 44. Rg1 {[%emt 0:00:32] Inhibits Ng4+.} (44. Kg3 $17) 44... Kf6 $2 (44... Ng8 $1 $19 {White must now prevent ...Nf6.} 45. Rg5 Rh8) 45. Rg5 $1 $11 Rxg5 46. Bh4 $2 (46. fxg5+ $11 {and White has nothing to worry.} Kxg5 47. Be3+ Kh5 48. Bxh6 Kxh6 49. Kxh3) 46... Nf7 $2 47. Kxh3 Nh6 $2 48. Kh2 $2 (48. fxg5+ $18 Kg7 49. gxh6+ Kg6 50. Be7) 48... Ng4+ $17 49. Kh3 $2 {[#]} (49. Kg1 $15) 49... Kf5 50. Bxg5 (50. fxg5 $17 Ne5 51. Bg3 Nxc4 52. Kh4) 50... Ne3 {Weighted Error Value: White=0.48/Black=0.30} 1/2-1/2

[Event "Leca Open 2022"]
[Site "Leca da Palmeira"]
[Date "2022.08.03"]
[Round "7.13"]
[White "Jesus, Joao Pedro Mendes D"]
[Black "Buscara, Sevan"]
[Result "0-1"]
[ECO "B56"]
[WhiteElo "1863"]
[BlackElo "2404"]
[Annotator "TA"]
[PlyCount "76"]
[EventDate "2022.08.02"]
[EventType "swiss"]
[EventCountry "POR"]
[SourceTitle "playchess.com"]
[Source "ChessBase"]
[SourceQuality "1"]
[TimeControl "5400+30"]

1. e4 c5 2. Nf3 d6 3. d4 cxd4 4. Nxd4 Nf6 5. Nc3 Nc6 6. Be3 e6 7. f3 a6 8. Qd2 Qc7 9. O-O-O Be7 {[%emt 0:00:12] B80: Sicilian Scheveningen: 6 g3 and 6 Be3, including English Attack.} 10. Kb1 Nd7 11. g4 b5 {[%emt 0:01:37] [#] White is slightly better.} 12. Ndxb5 $146 ({Predecessor:} 12. a3 Nce5 13. Bg5 Nf6 14. f4 Nc4 15. Bxc4 bxc4 16. e5 dxe5 17. fxe5 Nd5 18. Nxd5 exd5 19. Bxe7 Qxe7 {1-0 (36) Ristic,L (2212)-Pobor,M (2175) Paracin 2020}) 12... axb5 13. Nxb5 Qb8 {[%emt 0:05:23] [#] ...0-0 is the strong threat.} 14. Nxd6+ Bxd6 15. Qxd6 Nce5 {[%emt 0:01:02] The board is on fire.} 16. Be2 h5 17. Qxb8 ({White should try} 17. gxh5 $14 Rxh5 18. h4 Qxd6 19. Rxd6) 17... Rxb8 (17... Nxb8 $11 18. gxh5 Ba6 19. Bxa6 Nxa6) 18. h3 Nb6 19. Bf4 ({White should play} 19. b3 $14) 19... f6 $11 20. Bb5+ Bd7 21. Bxd7+ (21. Bxe5 $11 fxe5 22. Bxd7+ Nxd7 23. b3) 21... Nbxd7 $17 22. b3 (22. gxh5 $142 Rxh5 23. Rhg1) 22... Rb7 23. Bxe5 Nxe5 24. f4 Nf7 ({Don't play} 24... hxg4 25. fxe5 gxh3 26. Rd3 $16 (26. exf6 g5 $16)) 25. Rhg1 hxg4 ({Better is} 25... g5 $17 26. fxg5 Nxg5) 26. hxg4 (26. Rxg4 $15 Rxh3 27. Rxg7) 26... Rh2 27. Kc1 (27. g5 $17) 27... e5 $19 28. g5 (28. fxe5 {was called for.} Nxe5 29. Rg3) 28... exf4 29. gxf6 gxf6 30. Rgf1 Rh4 31. Rd4 (31. Rh1 {was worth a try.} Rxh1 32. Rxh1) 31... Ne5 32. a4 f3 33. a5 f5 34. Rd5 Rxe4 35. a6 Ra7 36. Ra5 (36. Rd6 $142) 36... Kd7 37. Kd2 Kc6 38. Re1 Rd7+ {[%emt 0:00:31] Weighted Error Value: White=0.71/Black=0.10 (very precise)} 0-1

[Event "Leca Open 2022"]
[Site "Leca da Palmeira"]
[Date "2022.08.03"]
[Round "7.14"]
[White "Touzane, Olivier"]
[Black "Akshit Kumar J"]
[Result "1-0"]
[ECO "A12"]
[WhiteElo "2266"]
[BlackElo "2103"]
[Annotator "TA"]
[PlyCount "93"]
[EventDate "2022.08.02"]
[EventType "swiss"]
[EventCountry "POR"]
[SourceTitle "playchess.com"]
[Source "ChessBase"]
[SourceQuality "1"]
[TimeControl "5400+30"]

1. Nf3 d5 2. g3 Nf6 3. c4 c6 4. b3 Bf5 5. Bb2 e6 6. Bg2 Nbd7 7. d3 Bd6 8. O-O Qe7 9. Nbd2 {[%emt 0:03:10] A12: English Opening: 1...c6 with b3 by White.} Ba3 10. Qc1 Bxb2 11. Qxb2 {[%emt 0:00:07] [#] White has an edge.} e5 $146 ({Predecessor:} 11... O-O 12. Rac1 h6 13. Rfe1 Bh7 14. cxd5 exd5 15. b4 Rfe8 16. d4 Ne4 17. b5 c5 18. dxc5 Ndxc5 19. Nb3 Rac8 20. Nxc5 Rxc5 {1-0 (47) Bosboom,M (2390)-Berkvens,J (2458) Netherlands 2007}) 12. cxd5 cxd5 13. Rac1 O-O 14. Rc7 Rab8 15. Rfc1 Ne8 16. R7c2 f6 17. Qc3 Qa3 (17... Be6 $11) 18. e4 $14 dxe4 19. Nxe4 Bxe4 20. dxe4 Nd6 21. Qd3 Rfd8 22. Nh4 Qb4 (22... Nf8 $14) 23. Rc7 (23. Nf5 $16 Nxf5 24. Qd5+ (24. exf5 Nb6 $14) 24... Kf8 25. exf5) 23... Nb6 $11 24. Qe2 Nb5 25. a3 (25. R7c5 $14 {stays ahead.} Rbc8 26. Rxc8 Rxc8 27. Rxc8+ Nxc8 28. Qg4) 25... Qxb3 $17 26. R7c5 {[%emt 0:01:56] [#]} a6 (26... Nxa3 $2 27. R5c3 Qe6 28. Rxa3 $18) (26... Rbc8 $1 $17 {[%cal Rc8c5] White must now prevent ...Rxc5.} 27. Rxc8 Nxc8) 27. Qg4 {[%emt 0:01:35][%mdl 1024] White has compensation.} Qf7 28. Bf1 Nd6 (28... Nxa3 $11 29. Nf5 Kh8) 29. Bh3 ({White should try} 29. Rc7 $14 Qf8 30. Nf5 Nxf5 31. Qxf5) 29... Rbc8 30. Qe2 (30. Rxc8 $11 Nbxc8 31. Qd1) 30... Rxc5 31. Rxc5 Nb5 $36 {[%emt 0:00:43][%mdl 2048] Black is in control.} 32. Bf1 Nd7 (32... Nxa3 33. Qb2 Nbc4 34. Qa2 $15) (32... g6 $17 33. Qe3 Nd6) 33. Qd2 {[%emt 0:01:53] [#] Hoping for Bc4.} Qe7 (33... Nxc5 34. Qxd8+ Qf8 35. Bc4+) (33... Nxa3 34. Rc7 g6 35. Bh3 $16) 34. Rd5 {[%emt 0:01:53] Nf5 is the strong threat.} Nd4 (34... Nxa3 $2 35. Nf5 Qf8 36. Rxd7 Rxd7 37. Qxd7 $18) 35. Qd1 (35. Qc3 $11 {keeps the balance.}) 35... g6 ({Much less strong is} 35... Qxa3 36. Nf5 Kf8 37. Bh3 (37. Nxd4 exd4 38. Rxd4 Qe7 $16) 37... Nf3+ 38. Kh1 $18 (38. Kg2 Ng5 $16)) 36. Qg4 (36. Nf3 $17 Nxf3+ 37. Qxf3) 36... Nf8 $2 {[%emt 0:00:37] Pair of Knights!} (36... Kf8 $19 37. a4 Nb6 38. Rxd8+ Qxd8) 37. Bc4 (37. Nf5 $1 $11 {and White has nothing to worry.} Nxf5 38. Rxd8 Qxd8 39. exf5) 37... Rxd5 (37... Kh8 $19 {Threatens to win with ...Rb8.} 38. Rxd8 Qxd8) 38. Bxd5+ $15 Kg7 {[%emt 0:00:27] Strongly threatening ...b5.} 39. Qc8 Qxa3 ({Better is} 39... Qd7 $17 40. Qxb7 Qxb7 41. Bxb7 Nd7) 40. Qxb7+ $11 Kh6 41. Qf7 Qd6 42. Ng2 Nf3+ $1 43. Kh1 $1 {[%emt 0:00:11] aiming for Ne3.} Ng5 $1 44. Qg8 f5 ({Black should play} 44... Nxe4 $1 $11 45. Ne3 Nxf2+ 46. Kg2 Nd3) 45. exf5 $14 {[%emt 0:01:21] White is more active.} gxf5 $2 (45... Nd7 $16 46. h4 Nh3) 46. Ne3 $18 Qf6 47. g4 {[%emt 0:02:32] Weighted Error Value: White=0.38/Black=0.46} 1-0

[Event "Leca Open 2022"]
[Site "Leca da Palmeira"]
[Date "2022.08.03"]
[Round "7.15"]
[White "Mateus, Andre"]
[Black "Rego, Pedro Filipe"]
[Result "0-1"]
[ECO "B31"]
[WhiteElo "1781"]
[BlackElo "2251"]
[Annotator "TA"]
[PlyCount "96"]
[EventDate "2022.08.02"]
[EventType "swiss"]
[EventCountry "POR"]
[SourceTitle "playchess.com"]
[Source "ChessBase"]
[SourceQuality "1"]
[TimeControl "5400+30"]

1. e4 c5 2. Nf3 Nc6 3. Bb5 g6 4. O-O Bg7 5. c3 Nf6 6. Re1 O-O 7. d4 d5 8. e5 Ne4 9. Nbd2 cxd4 10. cxd4 Qb6 {[%emt 0:00:09][%csl LRb5,LRd4] is the new trend. B31: Sicilian: 2...Nc6 3 Bb5 g6.} 11. Bxc6 Qxc6 12. Nxe4 dxe4 {[%emt 0:00:04] The position is equal.} 13. d5 Qc4 14. Ng5 Bxe5 {[%emt 0:03:12] And now ...f5 would win.} 15. Rxe4 Qc7 16. Nf3 Bf6 17. Bf4 Qb6 {[%emt 0:00:34] [#]} 18. Be5 $146 ({Predecessor:} 18. Re2 Bg4 19. Rc2 Bf5 20. Rc7 Bxb2 21. Rxe7 Qb4 22. Bg5 f6 23. Qe1 Qxe1+ 24. Raxe1 fxg5 25. Rxb7 {0-1 (31) Nadzamova,V (1779)-Ihnat,M (1940) Slovakia 2019}) 18... Bf5 19. Bxf6 Qxf6 (19... Bxe4 $17 20. Bxe7 {[#]} Qxb2 $1 21. Bxf8 Rxf8) 20. Re5 Bg4 {[%emt 0:08:41] [#] Hoping for ...Bxf3.} 21. Qe2 Rfd8 22. Re1 Rac8 23. Rxe7 ({White should try} 23. h4 $11) 23... Bxf3 $15 24. gxf3 Rxd5 25. Re5 (25. Rxb7 $15 Rg5+ 26. Kh1) 25... Rxe5 $17 {[%emt 0:02:26] Black is more active.} 26. Qxe5 Qxf3 27. Qe4 Qxe4 28. Rxe4 {[%emt 0:00:01][%mdl 4096] Endgame KR-KR} Rc2 29. Rb4 b6 30. Ra4 $2 {[%emt 0:03:53] This costs White the game.} (30. a4 $17 {was necessary.}) 30... a5 $19 ({Inferior is} 30... Rxb2 31. Rxa7 Kg7 32. Rb7 $17) 31. b3 Kf8 32. Kg2 Ke7 33. Re4+ Kd6 34. Ra4 Kd5 35. Kf3 Rc3+ 36. Kg2 f5 37. Kf1 h5 38. h4 {[%emt 0:01:25] Black is clearly winning.} Rd3 39. Rc4 Rd4 40. Rc8 Rxh4 41. Rd8+ Ke5 42. Rb8 Rb4 {[%emt 0:00:06] Threatens to win with ...g5.} 43. Kg2 Kf4 44. Rg8 (44. Rh8 $142 a4 45. bxa4) 44... g5 45. Rc8 h4 {[%emt 0:00:30] Strongly threatening ...g4.} 46. Rc3 g4 47. f3 Rd4 {[%emt 0:00:46] ( -> ...h3+)} 48. fxg4 fxg4 {[%emt 0:00:35] Weighted Error Value: White=0.49/Black=0.10 (very precise)} 0-1